 Dungeon Crawl Stone Soup version 0.31.0 (webtiles) character file.

Game seed: 13324861772341954037

41 qw the Shooter (level 3, -5/22 HPs)
             Began as a Gargoyle Hunter on Jan 19, 2024.
             Killed from afar by an orc wizard (10 damage)
             ... with a puff of flame
             ... on level 2 of the Dungeon.
             The game lasted 00:00:04 (925 turns).

qw the Shooter (Gargoyle Hunter)                     Turns: 925, Time: 00:00:04

Health: -5/22      AC:  7    Str: 14    XL:     3   Next: 52%
Magic:  3/3        EV: 11    Int:  9    God:
Gold:   73         SH:  0    Dex: 15    Spells: 2/2 levels left

rFire   . . .        a - +0 shortbow
rCold   . . .        (shield currently unavailable)
rNeg    + . .        c - +0 leather armour
rPois   inf          h - +0 helmet
rElec   +            (no cloak)
rCorr   .            (no gloves)
SInv    .            (no boots)
Will    .....        (no amulet)
Stlth   ++           (no ring)
HPRegen 0.23/turn    (no ring)
MPRegen 0.08/turn

%: no passive effects
@: no status effects
A: sickness immunity, AC +3, negative energy resistance 1, electricity
resistance, torment resistance 1, petrification resistance
a: no special abilities


You were on level 2 of the Dungeon.
You visited 1 branch of the dungeon, and saw 2 of its levels.

You collected 73 gold pieces.


Innate Abilities, Weirdness & Mutations

You are immune to sickness and miasma.
Your stone body is resilient. (AC +3)
You are immune to poison.
You resist negative energy. (rN+)
You are resistant to electric shocks. (rElec)
You are resistant to unholy torment.
You are immune to petrification.


   Skills:
 + Level 2.4 Fighting
 - Level 5.1 Ranged Weapons
 - Level 1.5 Dodging
 - Level 1.1 Stealth


You had 2 spell levels left.
You didn't know any spells.
Your spell library was empty.

Inventory:

Hand Weapons
 a - a +0 shortbow (weapon)
Armour
 c - a +0 leather armour (worn)
 h - a +0 helmet (worn)
Potions
 d - a potion of attraction {unknown}
 e - a potion of heal wounds {unknown}
 f - a potion of mutation {unknown}

Dungeon Overview and Level Annotations

Branches:
Dungeon (2/15)

Altars:


Message History

The magic dart hits you.
You shoot an arrow. The arrow barely misses the orc wizard.
The orc wizard misses you. The orc hits you with a +0 mace.
You shoot an arrow.
The arrow closely misses the orc wizard.
The orc wizard hits you with a +0 dagger.
The orc hits you but does no damage.
You shoot an arrow. The arrow barely misses the orc wizard.
The orc wizard closely misses you.
The rat twitches its whiskers.
The rat bites you but does no damage. The orc barely misses you.
You shoot an arrow. The arrow hits the orc wizard.
The orc wizard is moderately wounded.
The orc wizard casts a spell.
The orc wizard flickers and vanishes!
Deactivating autopickup; reactivate with Ctrl-A.
The rat bites you but does no damage. The orc misses you.
You shoot an arrow. The arrow hits the orc.
The orc is almost dead.
Something hits you. The rat bites you but does no damage.
The orc closely misses you.
You shoot an arrow. The arrow barely misses the orc.
Something hits you but does no damage. The rat bites you but does no damage.
The orc barely misses you.
You shoot an arrow. The arrow hits the orc.
You kill the orc!
Something hits you but does no damage. The rat closely misses you.
You shoot an arrow. The arrow barely misses the rat.
Something hits you. The rat barely misses you. The rat closely misses you.
You hear some strange, mumbled words.
A magic dart appears from out of thin air!
The magic dart hits you.
You shoot an arrow. The arrow barely misses the rat.
Something hits you but does no damage. The rat barely misses you.
You shoot an arrow. The arrow hits the rat.
You kill the rat!
You hear some strange, mumbled words.
A puff of flame appears from out of thin air!
The puff of flame hits you!
You die...

.##..........#
.............#
.............#
.............# #.....
...........).# #..... ..
.............###....###.
......{).......+....+...
#@....# ##....##..
#.%...# #.....#...
#.:#+##.#.....#...
###.....#.#.....#...
..'....##..#...........
..#........###.........
#........'.+.........
#........###.........
+........%...........


There were no monsters in sight!

Vanquished Creatures
  An adder (D:2)
  2 orcs (D:2)
  3 ball pythons
  3 endoplasms
  3 goblins
  2 hobgoblins (D:1)
  4 jackals (D:1)
  A kobold (D:1)
  A quokka (D:1)
  3 bats (D:2)
  2 frilled lizards
  5 rats
30 creatures vanquished.

Notes
Turn   | Place    | Note
-------+----------+-------------------------------------------
     0 | D:1      | qw the Gargoyle Hunter began the quest for the Orb.
     0 | D:1      | Reached XP level 1. HP: 12/12 MP: 1/1
     0 | D:1      | 0 ||| qw: Version: 0.3-a-132-g3d54051
     0 | D:1      | 0 ||| qw: Game counter: 203
     0 | D:1      | 0 ||| qw: Melee chars always use a shield: true
     0 | D:1      | 0 ||| qw: God list: Okawaru
     0 | D:1      | 0 ||| qw: Allow faded altars: false
     0 | D:1      | 0 ||| qw: Do Orc after clearing Dungeon:15 true
     0 | D:1      | 0 ||| qw: Do second Lair branch before Depths: true
     0 | D:1      | 0 ||| qw: Lair rune preference: random
     0 | D:1      | 0 ||| qw: Goals: Normal
     0 | D:1      | 0 ||| PLANNING D:1-11
    73 | D:1      | Reached XP level 2. HP: 17/17 MP: 2/2
   637 | D:1      | 637 ||| UPGRADING to +0 helmet.
   642 | D:1      | 642 ||| READING scroll labelled QOAXKI WIUSK.
   647 | D:1      | 647 ||| READING 2 scrolls labelled DAZE WAMMIKYCK.
   648 | D:1      | 648 ||| DROPPING scroll of butterflies.
   649 | D:1      | 649 ||| DROPPING scroll of poison.
   688 | D:2      | 688 ||| FLEEEEING.
   689 | D:2      | 689 ||| FLEEEEING.
   690 | D:2      | 690 ||| FLEEEEING.
   699 | D:2      | 699 ||| STAIRDANCE
   707 | D:1      | 707 ||| READING scroll labelled ILUIMO WOXOETEONK.
   708 | D:1      | 708 ||| READING scroll labelled AQOSOSM LIEKK.
   743 | D:2      | Reached XP level 3. HP: 21/21 MP: 3/3
   880 | D:2      | Reached skill level 5 in Ranged Weapons
   923 | D:2      | HP: 4/22 [something/magic dart (2)]
   925 | D:2      | Killed from afar by an orc wizard

Levels and vault maps discovered:
D:1:      amcnicky_arrival_blooded_trapdoor, layout_basic,
          hangedman_decor_clover_reticule
D:2:      layout_basic, minmay_pentomino_p4

Skill      XL: |  1  2  3 |
---------------+----------+-----
Ranged Weapons | 5 |  5.1
Fighting       | |  2.4
Dodging        | |  1.5
Stealth        | |  1.1

Action                     || total
---------------------------++-------
   Fire: Shortbow          ||   118
    Use: Scroll            ||     4
 Armour: Leather armour    ||    52
  Dodge: Dodged            ||    42

Table legend:
 A = Non-vault XP
 B = Vault XP
 C = Vault XP percentage of total XP
 D = Non-vault monster count
 E = Vault monster count
 F = Vault count percentage of total count
                 A         B        C        D         E       F
            +---------+---------+-------+---------+---------+-------
      Total |      60 |       0 |   0.0 |      30 |       0 |   0.0
            +---------+---------+-------+---------+---------+-------
        D:1 |      27 |       0 |   0.0 |      15 |       0 |   0.0
        D:2 |      33 |       0 |   0.0 |      15 |       0 |   0.0
            +---------+---------+-------+---------+---------+-------
